 Dungeon Crawl Stone Soup version 0.31-a0-354-g827e095 (webtiles) character file.

Game seed: 12614217575701507024

328 Dorkslayer the Trooper (level 6, -8/38 HPs)
             Began as a Gargoyle Fighter on July 23, 2023.
             Mangled by an ogre
             ... wielding a +0 giant spiked club
              (27 damage)
             ... on level 4 of the Dungeon.
             The game lasted 00:06:44 (2829 turns).

Dorkslayer the Trooper (Gargoyle Fighter)           Turns: 2829, Time: 00:06:44

Health: -8/38      AC: 12    Str: 22    XL:     6   Next: 50%
Magic:  6/6        EV: 10    Int:  8    God:
Gold:   125        SH:  4    Dex:  9    Spells: 5/5 levels left

rFire   . . .        a - +0 long sword
rCold   . . .        c - +0 buckler
rNeg    + . .        b - +0 scale mail
rPois   ∞            d - +0 helmet
rElec   +            (no cloak)
rCorr   .            (no gloves)
SInv    .            (no boots)
Will    .....        (no amulet) Stlth
                     (no ring)
HPRegen 0.26/turn    (no ring)
MPRegen 0.10/turn

%: no passive effects
@: attractive
A: sickness immunity, AC +4, negative energy resistance 1, electricity
resistance, torment resistance 1, petrification resistance
a: no special abilities


You were on level 4 of the Dungeon.
You visited 1 branch of the dungeon, and saw 4 of its levels.

You collected 125 gold pieces.

Inventory:

Hand Weapons
 a - a +0 long sword (weapon)
 k - a +0 hand axe of flaming
Missiles
 i - 2 boomerangs (quivered)
Armour
 b - a +0 scale mail (worn)
 c - a +0 buckler (worn)
 d - a +0 helmet (worn)
Wands
 p - a wand of iceblast (3)
Scrolls
 e - 3 scrolls of teleportation {unknown}
 g - a scroll of enchant armour {unknown}
 h - a scroll of identify {unknown}
 j - a scroll of blinking {unknown}
 m - a scroll of noise {unknown}
 n - a scroll of poison {unknown}
Potions
 f - a potion of cancellation


   Skills:
 * Level 4.1 Fighting
 + Level 4.1 Long Blades
 + Level 4.0 Armour
 + Level 2.1 Dodging
 + Level 0.2 Stealth
 + Level 4.0 Shields


You had 5 spell levels left.
You didn't know any spells.
Your spell library contained the following spells:

 Spells                   Type           Power      Damage    Failure   Level
 Inner Flame              Hex/Fire       0%         N/A       99%         3
 Flame Wave               Conj/Fire      0%         2d4       100%        4
 Sticky Flame             Conj/Fire      0%         2d3       100%        4


Dungeon Overview and Level Annotations

Branches:
Dungeon (4/15)
 Temple: D:4-7

Altars:
Cheibriados
Fedhas
Kikubaaqudgha
Okawaru
Vehumet
Zin


Innate Abilities, Weirdness & Mutations

You are immune to sickness and miasma.
Your stone body is resilient. (AC +4)
You are immune to poison.
You resist negative energy. (rN+)
You are resistant to electric shocks. (rElec)
You are resistant to unholy torment.
You are immune to petrification.


Message History

The ogre is heavily wounded.
The ogre barely misses you.
You hit the ogre.
The ogre is severely wounded.
A hobgoblin comes into view.
You hit the ogre.
The ogre is severely wounded.
You block the ogre's attack.
You hit the ogre but do no damage.
The ogre is severely wounded.
The ogre closely misses you.
You hit the ogre but do no damage.
The ogre is severely wounded.
The ogre closely misses you.
You barely miss the ogre.
The ogre is severely wounded.
The ogre hits you with a +0 giant spiked club!!
Ouch! That really hurt!
You barely miss the ogre.
The ogre is severely wounded.
The ogre barely misses you.
You hit the ogre.
The ogre is severely wounded.
The ogre barely misses you.
It was a potion of cancellation.
You feel magically purged.
You barely miss the ogre.
The ogre is severely wounded.
You block the ogre's attack.
It was a potion of attraction.
You feel attractive to monsters. The ogre closely misses you.
It was a potion of heal wounds.
You feel much better.
You barely miss the ogre.
The ogre is severely wounded.
The ogre hits you with a +0 giant spiked club!
You barely miss the ogre.
The ogre is severely wounded.
The ogre hits you with a +0 giant spiked club!!
Ouch! That really hurt!
You die...

..!.##...##.#
#.##.##.#
........###.##
#.##.##.# P..P.....
...####.......#
.........
........##.####
.....P..###..####.##.#
..........#..####.##.#
........#............#
.....P.g###..####.####
.......hO@...####.#
P..P...####.......#
....... #########
....### #... ##. .


You could see an ogre, a jackal and a hobgoblin.

Vanquished Creatures
  Sigmund (D:2)
  Terence (D:2)
  Robin (D:1)
  7 adders
  An ufetubus (D:3)
  6 orcs
  5 ball pythons
  9 endoplasms
  3 giant cockroaches
  13 goblins
  10 hobgoblins
  6 jackals
  6 kobolds
  8 quokkas
  6 bats
  7 frilled lizards
  4 rats
94 creatures vanquished.

Notes
Turn   | Place    | Note
-------+----------+-------------------------------------------
     0 | D:1      | Dorkslayer the Gargoyle Fighter began the quest for the
                  | Orb.
     0 | D:1      | Reached XP level 1. HP: 14/14 MP: 1/1
   187 | D:1      | Reached XP level 2. HP: 19/19 MP: 2/2
   432 | D:1      | Reached XP level 3. HP: 21/23 MP: 3/3
   953 | D:2      | Noticed Sigmund
   989 | D:2      | Killed Sigmund
   990 | D:2      | Reached skill level 1 in Dodging
   990 | D:2      | Reached XP level 4. HP: 9/29 MP: 4/4
   990 | D:2      | Reached XP level 5. HP: 10/33 MP: 5/5
   992 | D:2      | Noticed Robin
  1314 | D:1      | Killed Robin
  1617 | D:2      | Noticed Terence
  1635 | D:2      | Killed Terence
  1757 | D:3      | Reached XP level 6. HP: 35/38 MP: 6/6
  1848 | D:3      | Found a blossoming altar of Fedhas.
  1850 | D:3      | Found a snail-covered altar of Cheibriados.
  1852 | D:3      | Found an ancient bone altar of Kikubaaqudgha.
  1852 | D:3      | Found an iron altar of Okawaru.
  1852 | D:3      | Found a radiant altar of Vehumet.
  1852 | D:3      | Found a glowing silver altar of Zin.
  2224 | D:3      | Found a faded altar of an unknown god.
  2829 | D:4      | Mangled by an ogre

Illustrated notes

Levels and vault maps discovered:
D:1:      reono_arrival_forest_river, layout_loops_corners
D:2:      layout_basic, uniq_robin, uniq_terence, uniq_sigmund
D:3:      layout_loops_ring, grunt_temple_overflow_open, basic_ecumenical_altar
D:4:      layout_loops_cross, gammafunk_ghost_cemetery,
          minmay_misc_feat_ornament, minmay_misc_feat_plants

Skill      XL: |  1  2  3  4  5  6 |
---------------+-------------------+-----
Long Blades    | 2 3 4 |  4.1
Dodging        | 1 2 |  2.1
Fighting       | 4 |  4.1
Armour         | 4 |  4.0
Shields        | 4 |  4.0
Stealth        | |  0.2

Action                     |  1- 3 |  4- 6 || total
---------------------------+-------+-------++-------
  Melee: Long sword        |   134 |   276 ||   410
  Throw: Boomerang         |       |     2 ||     2
  Evoke: Wand              |       |     1 ||     1
    Use: Potion            |     1 |     3 ||     4
 Armour: Scale mail        |    92 |   174 ||   266
  Dodge: Dodged            |    71 |   169 ||   240
  Block: Buckler           |    23 |    71 ||    94

Table legend: (Time is in decaauts)
 A = Elapsed time spent in this place.
 B = Non-inter-level travel time spent in this place.
 C = Inter-level travel time spent in this place.
 D = Time resting spent in this place.
 E = Time spent auto-exploring this place.
 F = Levels seen in this place.
 G = Mean time per level.
                   A        B        C        D        E       F      G
               +--------+--------+--------+--------+--------+-----+--------+
         Total |   2949 |   2949 |      0 |    261 |   1252 |   4 |  737.2 |
       Dungeon |   2949 |   2949 |      0 |    261 |   1252 |   4 |  737.2 |
               +--------+--------+--------+--------+--------+-----+--------+

Top non-repeatable levels by time:
     D:1: 1362 daAuts
     D:3: 895 daAuts
     D:2: 461 daAuts
     D:4: 230 daAuts
